[Event "*** SCC Grand Prix: Titled Tuesday Blitz"]
[Site "Chess.com"]
[Date "2020.07.07"]
[Round "5"]
[White "nubair1198"]
[Black "Chernobay_Artem"]
[Result "1/2-1/2"]
[WhiteElo "2785"]
[BlackElo "2613"]
[TimeControl "180+1"]
[EndTime "10:57:48 PDT"]
[Termination "Game drawn by repetition"]

1. c4 Nf6 2. Nf3 g6 3. b3 Bg7 4. Bb2 O-O 5. g3 b6 6. Bg2 Bb7 7. O-O c5 8. d4 cxd4 9. Qxd4 d6 10. Nc3 Nbd7 11. Rfd1 a6 12. Rac1 Rc8 13. Nd5 b5 14. Qa7 Bxd5 15. cxd5 Rxc1 16. Bxc1 Qa5 17. a3 Qb6 18.
Qxb6 Nxb6 19. Ne1 Rc8 20. Be3 Nfd7 21. Nd3 a5 22. Rb1 Rc2 23. Bf3 f5 24. h4 Ra2 25.
a4 bxa4 26. bxa4 Ra1 27. Rxa1 Bxa1 28. Bd2 Nc4 29. Be1 Ndb6 30. e4 Nxa4 31. Nf4 Ne5 32. Bd1 Nc3 33. Bxc3 Bxc3 34. exf5 gxf5 35. Bc2 Nf3+ 36.
Kf1 Nd4 37. Ba4 Kf7 38. Ne2 Nxe2 39. Kxe2 Kf6 40. Kd3 Be1 41. Ke2 Bb4 42. f4 e6 43.
dxe6 Kxe6 44. Bb3+ d5 45. h5 h6 46. Kf2 Bc3 47.
Bc2 d4 48. Bb3+ Kf6 49. Ke2 Ke7 50. Bc2 Ke6 51. Ba4 Kd5 52. Bc2 Kc4 53. Bxf5 a4 54. Be6+ Kc5 55. Kd3 Kd6 56. Ba2 Ke7 57. g4 Kf6 58.
Ke4 Bb2 59. Bc4 Bc3 60. Ba2 a3 61. Kd3 Bb2 62. Bb3 Bc3 63. Ke4 Bb2 64. Kd3 Bc3 65.
Bd5 Bb2 66. Bg8 Bc3 67. Bb3 Bb2 68. Ke4 Bc3 69. Kd3 Bb2 70. Ba2 Bc3 71. Bc4 Bb2 72. Kc2 Bc3 73. Kb3 Bb2 74. Bd3 Bc1 75. Bb1 Bxf4 76.
Kxa3 Bd2 77. Bf5 Kg5 78. Kb3 Be3 79. Kc4 Bf2 80. Kd3 Be3 81. Bd7 Kf6 82. Ke4 Kg5 83.
Bf5 Kf6 84. Kd3 Kg5 85. Ke2 Kf6 86. Kd3 Kg5 1/2-1/2

[Event "*** SCC Grand Prix: Titled Tuesday Blitz"]
[Site "Chess.com"]
[Date "2020.07.07"]
[Round "5"]
[White "DishonorOnYourCow"]
[Black "bratkoo"]
[Result "1/2-1/2"]
[WhiteElo "2328"]
[BlackElo "2446"]
[TimeControl "180+1"]
[EndTime "10:57:49 PDT"]
[Termination "Game drawn - insufficient material"]

1. d4 e6 2. c4 d5 3. Nc3 c6 4. cxd5 exd5 5. Qc2 Bd6 6. Nf3 h6 7. e3 Nf6 8. Bd3 O-O 9. O-O Re8 10. a3 Bg4 11. Be2 Nbd7 12. h3 Bh5 13. b4 a6 14.
Bb2 Ne4 15. Na4 Bg6 16. Bd3 Qe7 17. Nc5 Ndf6 18. Ne5 Bh7 19. Nxe4 Bxe4 20. Bxe4 Nxe4 21. f3 Ng3 22. Rfe1 f6 23. Ng6 Qd7 24. e4 dxe4 25. fxe4 Bc7 26. e5 fxe5 27. dxe5 Bb6+ 28. Kh2 Nf5 29.
Rad1 Qc7 30. Qxf5 Qf7 31. Qxf7+ Kxf7 32. Nf4 g5 33. Nh5 Re7 34. Rf1+ Kg6 35. Nf6 Bc7 36. Rd7 Bxe5+ 37. Bxe5 Rxe5 38. Ng4 Re6 39. Rxb7 h5 40. Nf2 a5 41. bxa5 Rxa5 42. Nd3 Rxa3 43. Nc5 Rf6 44. Rxf6+ Kxf6 45. Rb6 Ke5 46. Rxc6 Kd5 47. Rc8 g4 48. hxg4 hxg4 49. Nd7 Ke6 50. Nf8+ Kf7 51. Nh7 Kg7 52. Ng5 Kf6 53. Ne4+ Ke5 54. Ng3 Ra7 55. Rg8 Rh7+ 56. Kg1 Kf4 57. Ne2+ Ke3 58. Kf1 Rh1+ 59. Ng1 Kf4 60. Rf8+ Kg3 61. Ra8 Rh6 62. Ra3+ Kh2 63.
Kf2 Rf6+ 64. Nf3+ gxf3 65. gxf3 Kh3 66. Ke3 Kg3 67. Ra5 Re6+ 68. Kd4 Kf4 69. Kc4 Rd6 70.
Kb4 Rd4+ 71. Kb5 Rd3 72. Ka6 Rd6+ 73. Ka7 Rf6 74. Ra4+ Kxf3 75. Ra6 Rf5 76. Kb6 Ke4 77. Ra3 Rf6+ 78. Kb5 Kd4 79. Ra4+ Kd5 80. Ra8 Rd6 81. Rc8 Rd7 82. Rc1 Rb7+ 83. Ka6 Rb2 84. Rd1+ Kc5 85.
Rc1+ Kd6 86. Rd1+ Kc6 87. Rc1+ Kd7 88. Rd1+ Kc8 89. Rc1+ Kb8 90. Rd1 Ra2+ 91. Kb5 Rb2+ 92.
Kc4 Rb7 93. Kd3 Re7 94. Kc2 Rb7 95. Rb1 Rxb1 96. Kxb1 1/2-1/2

[Event "*** SCC Grand Prix: Titled Tuesday Blitz"]
[Site "Chess.com"]
[Date "2020.07.07"]
[Round "5"]
[White "Fortitudine"]
[Black "Iskusnyh"]
[Result "1-0"]
[WhiteElo "2266"]
[BlackElo "2447"]
[TimeControl "180+1"]
[EndTime "10:57:51 PDT"]
[Termination "Fortitudine won by checkmate"]

1. d4 d5 2. Nc3 Nf6 3. Bg5 e6 4.
e4 dxe4 5. Nxe4 Nbd7 6. Nf3 h6 7. Nxf6+ Nxf6 8. Bh4 Nd7 9. Bxd8 Kxd8 10. Bd3 Bd6 11.
Qe2 a5 12. O-O a4 13. Ne5 Ke7 14. Nxd7 Bxd7 15. a3 Ra5 16. f4 g6 17. c3 h5 18.
Rae1 h4 19. Be4 b6 20. d5 exd5 21. Bxd5+ Kf6 22. c4 h3 23. g3 Kg7 24. Kh1 b5 25. f5 gxf5 26. Qd2 b4 27. Qg5+ Kf8 28. Qf6 Rh7 29.
Qd8+ Kg7 30. Qxd7 Rxd5 31. cxd5 f4 32. Qg4+ Kf6 33. Rxf4+ Bxf4 34. Qxf4+ Kg7 35. axb4 Rh5 36. Qg4+ Kh6 37. Qxh5+ Kxh5 38. Re7 Kg4 39. Rxf7 Kg5 40. Rxc7 Kg4 41. Ra7 Kf3 42. Rxa4 Ke4 43. Ra3 Kxd5 44. Rc3 Kd4 45. Kg1 Kd5 46. Kf2 Kd4 47. Kf3 Ke5 48. Kg4 Kd4 49. Kxh3 Kd5 50. Kg2 Kd4 51. h3 Kd5 52.
Kf2 Kd4 53. Ke2 Kd5 54. Kd2 Kd4 55. Kc2 Kd5 56. Kb3 Kd4 57. Ka2 Kd5 58. Rb3 Kd4 59. b5 Kd5 60. b6 Kd6 61. b7 Kd5 62. h4 Kd4 63. h5 Kd5 64. h6 Kd4 65. h7 Kd5 66. g4 Kd4 67. g5 Kd5 68. g6 Kd6 69. g7 Kc7 70. h8=N Kb8 71. g8=N Kc7 72. Kb1 Kb8 73. Kc2 Ka7 74. Kd3 Ka6 75. b8=N+ Ka5 76.
Nd7 Ka4 77. Rc3 Kb4 78. Ne7 Kb5 79. Nf7 Kb4 80. Nfe5 Kb5 81. Nd5 Ka4 82. Kc4 Ka5 83. Rb3 Ka6 84. Nc5+ Ka7 85. Nc6+ Ka8 86. Nc7# 1-0

[Event "*** SCC Grand Prix: Titled Tuesday Blitz"]
[Site "Chess.com"]
[Date "2020.07.07"]
[Round "5"]
[White "nikitakhoroshev"]
[Black "RobertoJBM"]
[Result "0-1"]
[WhiteElo "2513"]
[BlackElo "2711"]
[TimeControl "180+1"]
[EndTime "10:57:58 PDT"]
[Termination "RobertoJBM won by resignation"]

1. d4 d5 2. c4 c6 3. Nc3 Nf6 4. Nf3 dxc4 5. a4 Bf5 6. e3 e6 7. Bxc4 Bb4 8. O-O O-O 9. Qe2 Bg6 10. Ne5 Nbd7 11. Nxg6 hxg6 12. Rd1 Qe7 13. e4 e5 14. dxe5 Nxe5 15. Bb3 Rad8 16. Bg5 Rxd1+ 17. Rxd1 Rd8 18. Rxd8+ Qxd8 19. f3 Bc5+ 20. Be3 Qb6 21. Bxc5 Qxc5+ 22. Kf1 Qb4 23. Ba2 Qd4 24. Bb3 Nh5 25. g3 g5 26.
Nd1 g4 27. fxg4 Nf6 28. Nf2 c5 29. g5 Nfd7 30. a5 c4 31. Bd1 Nc5 32. h4 Ncd3 33. Nxd3 Nxd3 34. b3 c3 35. h5 Nc5 36. Bc2 Ne6 37. g6 fxg6 38. hxg6 Kf8 39. e5 Ke7 40. Kg2 Nc5 41. Qf3 Qxe5 42. b4 Nd7 43. Qf7+ Kd6 44.
Qf2 Qd5+ 45. Kh2 Qd2 46. Kg2 Qxf2+ 47. Kxf2 Ne5 48. Ke3 Nc6 49. Be4 Nxb4 50. Bxb7 Kc5 51.
a6 Kb6 52. Bc8 Nxa6 53. Kd3 Nb8 54. Kxc3 Kc5 55. Kd3 Nc6 56. Ke4 Ne7 57. Ba6 Kd6 58. Bd3 Nxg6 59. Kd4 Ne7 60. Ba6 Nc6+ 61. Ke4 Ke6 62.
Bc8+ Kf6 63. Bb7 Ne7 64. Ba6 Kg5 65. Kf3 Kf5 66. Bc8+ Ke5 67. Kg4 a5 68. Bd7 Nd5 69.
Kg5 Nb6 70. Be8 Ke6 71. Bg6 a4 72. Bc2 Ke7 73. Kg6 Kf8 74. g4 a3 75. Bb3 Na4 76. Kf5 Nc3 77. g5 a2 78. Bxa2 Nxa2 79.
Ke6 Ke8 80. g6 Nb4 81. Kd6 Nd3 82. Ke6 Nf2 83. Kd6 Nd1 84. Ke6 Ne3 85. Kd6 Nc4+ 86. Ke6 Nb6 87. Kd6 Nc8+ 88. Ke6 Ne7 0-1

[Event "*** SCC Grand Prix: Titled Tuesday Blitz"]
[Site "Chess.com"]
[Date "2020.07.07"]
[Round "5"]
[White "amylazy"]
[Black "MiroVlasenko"]
[Result "0-1"]
[WhiteElo "2434"]
[BlackElo "2627"]
[TimeControl "180+1"]
[EndTime "10:58:00 PDT"]
[Termination "MiroVlasenko won by checkmate"]

1. d4 f5 2. Nf3 Nf6 3. Bf4 e6 4. e3 b6 5. h3 Bb7 6. Bc4 Be7 7. Nbd2 c5 8. dxc5 bxc5 9. Qe2 a6 10. Bb3 Nc6 11. O-O-O Na5 12. Nc4 Nxb3+ 13. axb3 d5 14. Ng5 Bc8 15. Ne5 O-O 16. g4 Ne4 17. Nxe4 fxe4 18. Nc6 Qe8 19. Nxe7+ Qxe7 20. Be5 a5 21. Qb5 Bd7 22. Qb6 Rfc8 23. Bd6 Qe8 24. Bxc5 Rc6 25. Qb5 Rac8 26. b4 axb4 27. Qxb4 Rxc5 28. Rd2 Rb5 29. Qd4 Ra8 30. b3 Qb8 31. Kd1 Ra2 32. Ke2 Qb7 33. Ra1 Rxa1 34. Qxa1 Rb6 35. Qe5 Rc6 36. Kf1 Qc7 37.
Qd4 Rxc2 38. Rxc2 Qxc2 39. Qb6 Qd3+ 40. Kg1 Qb5 41. Qd8+ Kf7 42. Qh4 h6 43. Qh5+ Kf8 44.
g5 hxg5 45. Qh8+ Kf7 46. Qh5+ Kf8 47. Qh8+ Kf7 48. Qh5+ Ke7 49. Qxg5+ Kd6 50. Qg3+ Kc6 51. Qxg7 Qxb3 52. Qf8 Qd1+ 53. Kh2 Qf3 54. Qa8+ Kd6 55. Qb8+ Ke7 56. Qb4+ Kf7 57. Qb2 e5 58. Kg1 Bxh3 59. Qb7+ Kf6 60. Qb6+ Be6 61. Qd8+ Kg6 62. Qe8+ Bf7 63.
Qxe5 Qg4+ 64. Kf1 Qd1+ 65. Kg2 Qg4+ 66. Kf1 Qf5 67. Qg3+ Kf6 68. Qd6+ Kg7 69. Qg3+ Bg6 70. Qc7+ Kh6 71. Qh2+ Bh5 72. Qd6+ Kg5 73. Qg3+ Bg4 74. Qd6 Qe6 75. Qd8+ Kg6 76. Qf8 Bf5 77. Qh8 Qf6 78. Qg8+ Qg7 79. Qxd5 Qa1+ 80. Kg2 Qf6 81. Qg8+ Qg7 82.
Qe8+ Kh6+ 83. Kf1 Bh3+ 84. Ke2 Bg4+ 85. Ke1 Qa1+ 86. Kd2 Qb2+ 87. Ke1 Qc1# 0-1

[Event "*** SCC Grand Prix: Titled Tuesday Blitz"]
[Site "Chess.com"]
[Date "2020.07.07"]
[Round "5"]
[White "Gusarov91"]
[Black "Parhamov"]
[Result "1-0"]
[WhiteElo "2608"]
[BlackElo "3010"]
[TimeControl "180+1"]
[EndTime "10:58:01 PDT"]
[Termination "Gusarov91 won on time"]

1. d4 d5 2. Nf3 e6 3. c4 c5 4. cxd5 exd5 5. g3 Nc6 6. Bg2 Nf6 7. O-O cxd4 8. Nxd4 Bc5 9. Nxc6 bxc6 10. Qc2 Bb6 11.
Qxc6+ Bd7 12. Qd6 Rc8 13. Nc3 d4 14. Nd5 Nxd5 15. Bxd5 h5 16. Qe5+ Kf8 17. Qd6+ Kg8 18. Bg5 Qxg5 19. Qxd7 Rf8 20. h4 Qe5 21. Bc4 g5 22.
Qd5 Qxd5 23. Bxd5 gxh4 24. gxh4 Bd8 25. Rad1 Bxh4 26. Rxd4 Bf6 27. Rf4 Rh6 28. b3 Kg7 29. Kh1 Re8 30. Rg1+ Rg6 31. e3 Re5 32. Bc4 Ra5 33. a4 Rxg1+ 34. Kxg1 Rg5+ 35. Kh1 a5 36. Rf3 Rc5 37. Rg3+ Kf8 38. Rf3 Ke7 39. Rf4 Rg5 40.
e4 Rg7 41. Rf5 Bd4 42. Rxh5 Bc3 43. Rf5 f6 44. Rf3 Bb4 45. Rg3 Rg5 46. Rxg5 fxg5 47.
Kg2 Kf6 48. Kf3 Ke5 49. Bd5 Bc5 50. Kg3 Bb4 51. f3 Bc5 52. Kg4 Be7 53. Bc4 Bd8 54.
Bd5 Be7 55. Kg3 Bd8 56. Kf2 Kd4 57. Ke2 Bc7 58. Kd2 Bd6 59. Bc6 Bb4+ 60. Ke2 Bd6 61. Kf2 Ke5 62. Ke3 Bc5+ 63. Kd3 Bb4 64. Bd7 Be1 65.
Bg4 Bb4 66. Kc4 Be1 67. Kb5 Bb4 68. Kc6 Be1 69. Kd7 Bb4 70. Ke8 Be1 71. Kf7 Bb4 72.
Kg7 Bd2 73. Kg6 Bf4 74. b4 axb4 75. a5 b3 76. a6 Be3 77. f4+ Kxf4 78. Bf5 b2 79. e5 g4 80. e6 g3 81. a7 g2 82.
a8=Q g1=Q+ 83. Kf7 Kxf5 84. Qd5+ Kf4 85. Qd6+ Kf3 86.
Qc6+ Kf2 87. Qc2+ Kg3 88. Qxb2 Qf1+ 89. Ke8 Bg5 90. Qc3+ 1-0

[Event "*** SCC Grand Prix: Titled Tuesday Blitz"]
[Site "Chess.com"]
[Date "2020.07.07"]
[Round "5"]
[White "juniortay"]
[Black "chess94cu"]
[Result "0-1"]
[WhiteElo "2360"]
[BlackElo "2597"]
[TimeControl "180+1"]
[EndTime "10:58:15 PDT"]
[Termination "chess94cu won by checkmate"]

1. e4 c6 2. Nf3 d5 3. exd5 cxd5 4. Ne5 Nf6 5. d4 g6 6. Bd3 Bg7 7. c3 O-O 8. O-O Nc6 9. f4 Be6 10. Nd2 Qc8 11. Ndf3 Bf5 12. Nxc6 bxc6 13. Ne5 Bxd3 14. Qxd3 c5 15. f5 Rb8 16. fxg6 hxg6 17. b3 cxd4 18. cxd4 Ne4 19. Ba3 Qe6 20. Rac1 Rbc8 21. Nf3 Bh6 22.
Rxc8 Rxc8 23. Bb4 Bf4 24. g3 Bh6 25. Ne5 Rf8 26. Qf3 Ng5 27. Qg4 Qxg4 28. Nxg4 Re8 29. Nxh6+ Kg7 30. Ng4 f6 31. Bc3 Ne4 32. Bb2 g5 33.
Nf2 Nd2 34. Rd1 Nf3+ 35. Kg2 g4 36. Nxg4 Ng5 37. h4 Ne4 38. Nf2 Nd6 39. Nd3 Kf7 40. Rf1 Rg8 41. Kh3 Ne4 42. g4 Rc8 43. Rc1 Rh8 44. Nf4 Ng5+ 45. Kg3 Ne4+ 46. Kf3 Rxh4 47.
Nxd5 Nd6 48. Rc7 Rh3+ 49. Kg2 Rd3 50. Rxe7+ Kf8 51. Re6 Nb5 52. Rxf6+ Kg7 53. Re6 Rd2+ 54. Kg3 Rxb2 55. Kf4 Nxd4 56. Re7+ Kf8 57. Rxa7 Rd2 58.
Ke5 Nc6+ 59. Kf6 Nxa7 60. Nf4 Rxa2 61. g5 Ra6+ 62. Ne6+ Kg8 63. g6 Nc8 64. Ke5 Ne7 65. b4 Nxg6+ 66. Kd5 Nf8 67. Nc5 Rb6 68. Kc4 Ne6 69.
Nxe6 Rxe6 70. Kc5 Kf7 71. b5 Ke7 72. b6 Kd7 73. b7 Kc7 74. Kd5 Rb6 75. Kc5 Rxb7 76.
Kd5 Rb5+ 77. Kc4 Rh5 78. Kd4 Kd6 79. Ke4 Rd5 80. Ke3 Ke5 81. Kf3 Rd4 82. Ke3 Rd8 83. Kf3 Kf5 84. Ke3 Rd5 85. Kf3 Rd3+ 86. Ke2 Ke4 87.
Kf2 Re3 88. Kg2 Rf3 89. Kg1 Kf4 90. Kg2 Kg4 91. Kh2 Rf2+ 92. Kh1 Kg3 93. Kg1 Rf3 94. Kh1 Rf1# 0-1

[Event "*** SCC Grand Prix: Titled Tuesday Blitz"]
[Site "Chess.com"]
[Date "2020.07.07"]
[Round "5"]
[White "malandragem"]
[Black "Benjoneliere44"]
[Result "0-1"]
[WhiteElo "2383"]
[BlackElo "2532"]
[TimeControl "180+1"]
[EndTime "10:58:55 PDT"]
[Termination "Benjoneliere44 won by resignation"]

1. a3 Nf6 2. Nf3 g6 3. g3 Bg7 4. Bg2 O-O 5. O-O d6 6. d3 e5 7. c4 a5 8. Nc3 Nc6 9. Rb1 h6 10. b4 axb4 11. axb4 Be6 12. b5 Nd4 13. Nd2 Qc8 14.
e3 Nf5 15. Bb2 Ne7 16. Qb3 Bh3 17. Ra1 Bxg2 18. Kxg2 h5 19. Rxa8 Qxa8 20. Nd5 Nexd5 21. cxd5 h4 22. h3 hxg3 23. fxg3 c6 24. dxc6 bxc6 25. e4 Rb8 26. b6 Qa6 27. Nc4 Qb5 28. Qxb5 cxb5 29.
Nxd6 Rxb6 30. Bxe5 Nxe4 31. Bxg7 Nxd6 32. Bd4 Rc6 33. Be5 Nf5 34. Rb1 f6 35. Ba1 Rb6 36. Kf3 Kf7 37. g4 Nd6 38. Ke3 Ke6 39. Bd4 Rb7 40. Bc5 Nf7 41. h4 Ne5 42. Rb4 Kd5 43. Bf8 Nc6 44. Rf4 Rf7 45. Bb4 f5 46.
g5 Rh7 47. Bf8 Rb7 48. h5 Rf7 49. Ba3 gxh5 50. g6 Rf6 51. g7 Rg6 52. Rxf5+ Ke6 53.
Rxb5 Ne5 54. Bb2 Ng4+ 55. Kf4 Kf7 56. Rxh5 Nh6 57. Rg5 Rb6 58. Rf5+ Kg6 59. Bd4 Rb4 60. Rd5 Kh7 61. Ke3 Rb1 62. Kd2 Rh1 63. Rd8 Ng8 64. Kc3 Rh4 65. Kc4 Ne7 66. Rd7 Nf5 67. g8=Q+ Kxg8 68. Rd8+ Kf7 69. Kc3 Ke6 70. Bc5 Rh3 71. Kc4 Rh1 72. d4 Rc1+ 73. Kb5 Rb1+ 74. Kc6 Rc1 75.
Rh8 Kf7 76. d5 Nd4+ 77. Kd7 Nf5 78. Kc6 Nd4+ 79. Kb6 Nb3 80. Bb4 Rb1 81. Rh4 Nd2 82. d6 Ke6 83. Kc6 Rc1+ 84. Bc5 Nc4 85. Rh6+ Kf7 86. d7 Ne5+ 87. Kb7 Nxd7 88. Rh7+ Ke8 89. Re7+ Kd8 90. Rh7 Rxc5 91. Ka6 Re5 92. Kb7 Rb5+ 93. Kc6 Rc5+ 94. Kb7 Rf5 95. Kc6 Ke8 96.
Rxd7 Rf4 97. Rd5 Ke7 98. Kc5 Ke6 99. Rd4 Rf5+ 100. Kc4 Rf8 101. Rd1 Rc8+ 102. Kb3 Rb8+ 103. Kc2 Ra8 104. Rd3 Ke5 105. Kd2 Ke4 106. Ra3 Rxa3 107. Kc2 Rd3 0-1

[Event "*** SCC Grand Prix: Titled Tuesday Blitz"]
[Site "Chess.com"]
[Date "2020.07.07"]
[Round "6"]
[White "lucachess49"]
[Black "mr65"]
[Result "1-0"]
[WhiteElo "2387"]
[BlackElo "2101"]
[TimeControl "180+1"]
[EndTime "11:00:34 PDT"]
[Termination "lucachess49 won by resignation"]

1. d4 Nf6 2. c4 g6 3. f3 Bg7 4. e4 d6 5. Nc3 O-O 6. Nge2 Nc6 7.
Be3 a6 8. Qd2 Rb8 9. Rc1 b5 10. cxb5 axb5 11. Nxb5 Na5 12. Qxa5 1-0

[Event "*** SCC Grand Prix: Titled Tuesday Blitz"]
[Site "Chess.com"]
[Date "2020.07.07"]
[Round "6"]
[White "DenisQ"]
[Black "CarlosAlbornoz"]
[Result "0-1"]
[WhiteElo "2656"]
[BlackElo "2808"]
[TimeControl "180+1"]
[EndTime "11:00:52 PDT"]
[Termination "CarlosAlbornoz won by checkmate"]

1. Nf3 Nf6 2. g3 g6 3. Bg2 Bg7 4. Kf1 O-O 5. d3 d5 6. Nbd2 c5 7. e4 dxe4 8. dxe4 Nxe4 9. Ke2 Nxd2 10. Qxd2 Qb6 11. c3 Rd8 12. Qe3 Qa6+ 13. Ke1 Nc6 14. Bf1 Qa4 15. h3 Qd1# 0-1

[Event "*** SCC Grand Prix: Titled Tuesday Blitz"]
[Site "Chess.com"]
[Date "2020.07.07"]
[Round "6"]
[White "Sychev_Klementy"]
[Black "nikitakhoroshev"]
[Result "1-0"]
[WhiteElo "2796"]
[BlackElo "2510"]
[TimeControl "180+1"]
[EndTime "11:01:27 PDT"]
[Termination "Sychev_Klementy won by resignation"]

1. e4 e6 2. Qe2 e5 3. Nf3 Nc6 4. c3 Nf6 5. d3 Be7 6. h3 d5 7.
Qc2 a6 8. Nbd2 Be6 9. Be2 Qd7 10. b4 h6 11. Bb2 O-O-O 12. a4 d4 13. b5 Na5 14. Nxe5 Qd6 15. cxd4 Qb4 16. Bc3 1-0

[Event "*** SCC Grand Prix: Titled Tuesday Blitz"]
[Site "Chess.com"]
[Date "2020.07.07"]
[Round "6"]
[White "1977Ivan"]
[Black "BigAl"]
[Result "1-0"]
[WhiteElo "2687"]
[BlackElo "2503"]
[TimeControl "180+1"]
[EndTime "11:01:27 PDT"]
[Termination "1977Ivan won by resignation"]

1. c4 Nf6 2. Nc3 g6 3. g3 Bg7 4.
Bg2 O-O 5. Nf3 d6 6. d4 Nbd7 7. Bf4 e5 8. dxe5 dxe5 9. Nxe5 Nh5 10. Nxd7 Nxf4 11. gxf4 Bxd7 12. O-O c6 13. e3 Qe7 14. Ne4 Qh4 15. Qxd7 1-0

[Event "*** SCC Grand Prix: Titled Tuesday Blitz"]
[Site "Chess.com"]
[Date "2020.07.07"]
[Round "6"]
[White "j2806"]
[Black "WeAintSurePal"]
[Result "0-1"]
[WhiteElo "2047"]
[BlackElo "2291"]
[TimeControl "180+1"]
[EndTime "11:01:31 PDT"]
[Termination "WeAintSurePal won by resignation"]

1. e4 c6 2. d4 d5 3. exd5 Nf6 4. dxc6 Nxc6 5. c3 Bf5 6. Bd3 Bxd3 7. Qxd3 e5 8. Ne2 Bd6 9. h3 O-O 10. O-O h6 11. Nd2 Re8 12. d5 e4 13. Nxe4 Nxe4 14.
dxc6 Bh2+ 15. Kxh2 Qxd3 16. Nf4 0-1

[Event "*** SCC Grand Prix: Titled Tuesday Blitz"]
[Site "Chess.com"]
[Date "2020.07.07"]
[Round "6"]
[White "GMJustin"]
[Black "ApoIogiA"]
[Result "1-0"]
[WhiteElo "2258"]
[BlackElo "2116"]
[TimeControl "180+1"]
[EndTime "11:01:43 PDT"]
[Termination "GMJustin won by resignation"]

1. d4 Nf6 2. c4 g6 3. Nc3 d5 4.
Nf3 Bg7 5. e3 O-O 6. Qb3 dxc4 7.
Bxc4 a6 8. O-O b5 9. Be2 Bb7 10. a4 Nbd7 11. axb5 a5 12. Bd2 Nb6 13. Ne5 Nfd5 14.
Nc6 Qd7 15. Nxd5 Nxd5 16. Qxd5 1-0

[Event "*** SCC Grand Prix: Titled Tuesday Blitz"]
[Site "Chess.com"]
[Date "2020.07.07"]
[Round "6"]
[White "ChessSwole"]
[Black "volkanyirik"]
[Result "1-0"]
[WhiteElo "2417"]
[BlackElo "2251"]
[TimeControl "180+1"]
[EndTime "11:01:45 PDT"]
[Termination "ChessSwole won by resignation"]

1. b3 e6 2. Bb2 d5 3. e3 c5 4.
f4 a6 5. Nf3 b5 6. g4 Bb7 7.
Bg2 Nc6 8. O-O Nf6 9. g5 Nd7 10. d3 Qc7 11. Nbd2 O-O-O 12. c4 b4 13.
a3 Rg8 14. axb4 Nxb4 15. Qe2 f6 16. Bc3 a5 17. Ra4 Bd6 18. Rfa1 Nc6 19. Bxa5 Nxa5 20. Rxa5 e5 21. Ne1 exf4 22. Bxd5 Bxd5 23. cxd5 fxe3 24. Nc4 Nb6 25. Qg4+ Kb8 26. Rb5 1-0

[Event "*** SCC Grand Prix: Titled Tuesday Blitz"]
[Site "Chess.com"]
[Date "2020.07.07"]
[Round "6"]
[White "2008king"]
[Black "TST2014"]
[Result "0-1"]
[WhiteElo "2263"]
[BlackElo "2493"]
[TimeControl "180+1"]
[EndTime "11:01:46 PDT"]
[Termination "TST2014 won by resignation"]

1. e4 c5 2. Nf3 Nc6 3. d4 cxd4 4.
Nxd4 Nf6 5. Nc3 d6 6. Bc4 e5 7. Nf5 Bxf5 8. exf5 Qd7 9. g4 d5 10. Nxd5 O-O-O 11. Ne3 Nd4 12. c3 Qc6 0-1

[Event "*** SCC Grand Prix: Titled Tuesday Blitz"]
[Site "Chess.com"]
[Date "2020.07.07"]
[Round "6"]
[White "kingofkolkata"]
[Black "Quiet_Desperation"]
[Result "1-0"]
[WhiteElo "2410"]
[BlackElo "2220"]
[TimeControl "180+1"]
[EndTime "11:01:51 PDT"]
[Termination "kingofkolkata won by resignation"]

1. d4 d5 2. c4 c6 3. Nc3 Nf6 4. e3 dxc4 5. Bxc4 Bf5 6. Qb3 e6 7. Qxb7 Nbd7 8. Qxc6 Rc8 9. Qa4 Bd6 10. Ba6 Rb8 11.
Nf3 O-O 12. O-O Bg4 13. Qd1 e5 14. dxe5 Nxe5 15. Be2 Qe7 16. Nxe5 Qxe5 17. f4 Qh5 18. Bxg4 Nxg4 19. h3 Nf6 20. Qxd6 Rbd8 21. Qe5 1-0

[Event "*** SCC Grand Prix: Titled Tuesday Blitz"]
[Site "Chess.com"]
[Date "2020.07.07"]
[Round "6"]
[White "Bastiandash"]
[Black "K-Nygren"]
[Result "0-1"]
[WhiteElo "2322"]
[BlackElo "2467"]
[TimeControl "180+1"]
[EndTime "11:01:52 PDT"]
[Termination "K-Nygren won by resignation"]

1. d4 d5 2. Nf3 Nf6 3. c3 c6 4.
Bg5 Nbd7 5. e3 Ne4 6. Bf4 h6 7. Nbd2 g5 8. Bg3 Nxg3 9. hxg3 Bg7 10. Bd3 Nf6 11. e4 dxe4 12. Nxe4 Nxe4 13. Bxe4 Be6 14.
Qe2 Qc7 15. O-O Bg4 16. Qd3 O-O-O 17. Bf5+ Bxf5 18. Qxf5+ e6 19. Qe4 Kb8 20. a4 Bf6 21. Rfe1 h5 22. Ne5 h4 23. gxh4 Rxh4 24. a5 Rxe4 0-1

[Event "*** SCC Grand Prix: Titled Tuesday Blitz"]
[Site "Chess.com"]
[Date "2020.07.07"]
[Round "6"]
[White "Karacsonyi_Gellert"]
[Black "GAusal"]
[Result "1-0"]
[WhiteElo "2472"]
[BlackElo "2074"]
[TimeControl "180+1"]
[EndTime "11:02:05 PDT"]
[Termination "Karacsonyi_Gellert won by checkmate"]

1. e4 e6 2. d4 d5 3. e5 c5 4. c3 Nc6 5. Nf3 f6 6. exf6 Nxf6 7. Be2 Bd6 8. O-O O-O 9. Bg5 cxd4 10. cxd4 Qb6 11. Qd2 Ne4 12. Qc2 Rxf3 13. Bxf3 Nxg5 14. Nd2 Bd7 15. h4 Nf7 16. Bh5 Nxd4 17. Bxf7+ Kxf7 18. Qxh7 Nf5 19. Nf3 Be7 20. Ne5+ Ke8 21. Qg8+ Bf8 22. Qf7+ Kd8 23. Qxd7# 1-0

[Event "*** SCC Grand Prix: Titled Tuesday Blitz"]
[Site "Chess.com"]
[Date "2020.07.07"]
[Round "6"]
[White "vinniethepooh"]
[Black "ajdemipopushi"]
[Result "1-0"]
[WhiteElo "2555"]
[BlackElo "2359"]
[TimeControl "180+1"]
[EndTime "11:02:13 PDT"]
[Termination "vinniethepooh won by resignation"]

1. d4 Nf6 2. c4 c5 3. d5 b5 4.
cxb5 a6 5. bxa6 Bxa6 6. Nc3 g6 7. e4 Bxf1 8. Kxf1 d6 9. g3 Bg7 10. Kg2 O-O 11. Nf3 Nbd7 12. a4 Ra6 13. Qe2 Qa8 14.
Ra3 e6 15. Rd1 exd5 16. exd5 Nb6 17. Bg5 Nfxd5 18. Nxd5 Nxd5 19. Rxd5 Qxd5 20. Qxa6 Bxb2 21. Rd3 Bd4 22. Be3 Ra8 23. Qb5 Qe4 24. Bxd4 1-0

[Event "*** SCC Grand Prix: Titled Tuesday Blitz"]
[Site "Chess.com"]
[Date "2020.07.07"]
[Round "6"]
[White "Lion-Al-Messi"]
[Black "KyrgyzFighter"]
[Result "1-0"]
[WhiteElo "2448"]
[BlackElo "2314"]
[TimeControl "180+1"]
[EndTime "11:02:17 PDT"]
[Termination "Lion-Al-Messi won by resignation"]

1. e4 e6 2. d4 d5 3. exd5 exd5 4.
Bd3 Nc6 5. c3 Bd6 6. Nf3 Nge7 7.
O-O Bg4 8. Nbd2 Qd7 9. Re1 O-O-O 10. b4 f6 11. Nb3 Rde8 12. Be3 h5 13. b5 Nd8 14.
Nc5 Bxc5 15. dxc5 Nf5 16. Qa4 Nxe3 17. Qxa7 Qf7 18. fxe3 h4 19. h3 Bxf3 20. Bf5+ Ne6 21. c6 bxc6 22. bxc6 Kd8 23. gxf3 Rh5 24. e4 dxe4 25.
Rad1+ Ke7 26. Rd7+ Kf8 27. Rxf7+ Kxf7 28. Bxe6+ Rxe6 29. Qxc7+ Kg6 30. Rxe4 Rxe4 31. fxe4 Rg5+ 32. Kf2 Rg2+ 1-0

[Event "*** SCC Grand Prix: Titled Tuesday Blitz"]
[Site "Chess.com"]
[Date "2020.07.07"]
[Round "6"]
[White "grunbergmihai"]
[Black "Chessdreamer2020"]
[Result "0-1"]
[WhiteElo "2438"]
[BlackElo "2608"]
[TimeControl "180+1"]
[EndTime "11:02:37 PDT"]
[Termination "Chessdreamer2020 won by resignation"]

1. Nf3 c5 2. c4 Nc6 3. d4 cxd4 4. Nxd4 Nf6 5. Nc3 e6 6. g3 Qb6 7. Nc2 Ne5 8. e4 Bc5 9. Qe2 O-O 10. Bg2 Bxf2+ 11.
Kf1 Bc5 12. Na4 Qc6 13. Nxc5 Qxc5 14. b3 Rd8 15. Be3 Qc7 16. Rd1 b6 17. h3 Bb7 18.
Bf4 d6 19. g4 Rac8 20. Kf2 b5 21. Na3 Qc5+ 0-1

[Event "*** SCC Grand Prix: Titled Tuesday Blitz"]
[Site "Chess.com"]
[Date "2020.07.07"]
[Round "6"]
[White "Sam_ChessMood"]
[Black "ZiggyStardust64"]
[Result "1-0"]
[WhiteElo "2847"]
[BlackElo "2674"]
[TimeControl "180+1"]
[EndTime "11:02:44 PDT"]
[Termination "Sam_ChessMood won by resignation"]

1. e4 e6 2. d4 d5 3. Nc3 Nf6 4. e5 Nfd7 5. f4 c5 6. Nf3 Nc6 7. Be3 Be7 8. Qd2 O-O 9. dxc5 Qa5 10. O-O-O b6 11. Bb5 Nb4 12. a3 bxc5 13. Kb1 Nb6 14. f5 Rb8 15. f6 gxf6 16. Bh6 a6 17. Qf4 f5 18. Qg3+ 1-0

[Event "*** SCC Grand Prix: Titled Tuesday Blitz"]
[Site "Chess.com"]
[Date "2020.07.07"]
[Round "6"]
[White "UKR_Master"]
[Black "amylazy"]
[Result "1-0"]
[WhiteElo "2309"]
[BlackElo "2423"]
[TimeControl "180+1"]
[EndTime "11:02:52 PDT"]
[Termination "UKR_Master won by resignation"]

1. e4 c5 2. Nf3 e6 3. c3 Nf6 4. e5 Nd5 5. d4 cxd4 6. cxd4 d6 7. Bc4 Nb6 8. Bd3 Nc6 9. O-O dxe5 10. dxe5 Nb4 11. Bb5+ Bd7 12. Bxd7+ Qxd7 13. Qe2 Qd3 14. Qxd3 Nxd3 15. Nc3 a6 16. Rd1 Nxc1 17. Raxc1 Rc8 18. Ne4 Rxc1 19. Rxc1 Be7 20. Rc7 Bd8 21. Nd6+ Kf8 22. Rxf7+ Kg8 23. Rxb7 h6 24. Rb8 Kh7 25. Nf7 Rf8 26.
Nxd8 Nd7 27. Rc8 Nb6 28. Rb8 Nd7 29. Ra8 Nb6 30. Rxa6 Rxd8 31. g3 Nc4 32. b3 Nb2 33. Rxe6 Ra8 34. a4 Rb8 35. Nd4 Nd3 36. f4 Rc8 37.
Rc6 Rd8 38. Rd6 Rc8 39. Nc6 Ra8 40. Rxd3 1-0